 Dungeon Crawl Stone Soup version 0.19.1 (webtiles) character file.

211 Darkmans the Conjurer (level 5, 0/38 HPs)
             Began as a Draconian Conjurer on Nov 30, 2016.
             Was an Initiate of Sif Muna.
             Slain by an ogre
             ... wielding a +0 giant club
              (22 damage)
             ... on level 5 of the Dungeon.
             The game lasted 00:10:27 (3583 turns).

Darkmans the Conjurer (Draconian Conjurer)          Turns: 3583, Time: 00:10:28

Health: 0/38       AC:  6    Str: 11    XL:     5   Next: 57%
Magic:  6/8        EV: 13    Int: 16    God:    Sif Muna [......]
Gold:   93         SH:  0    Dex: 11    Spells: 2 memorised, 4 levels left

rFire  . . .     SeeInvis .     x - +1 short sword (holy)
rCold  . . .     Gourm    .     (armour unavailable)
rNeg   . . .     Faith    .     (no shield)
rPois  .         Spirit   .     (helmet restricted)
rElec  .         Reflect  .     (no cloak)
rCorr  .         Harm     .     (no gloves)
MR     .....                    f - +0 pair of boots
Stlth  ++........               (no amulet)
                                (no ring)
                                (no ring)

@: no status effects
A: unfitting armour, cold-blooded, AC +5
a: Renounce Religion


You were on level 5 of the Dungeon.
You worshipped Sif Muna.
Sif Muna was noncommittal.
You were hungry.

You visited 1 branch of the dungeon, and saw 5 of its levels.

You collected 93 gold pieces.

Inventory:

Hand Weapons
 c - a +0 dagger
 x - a +1 short sword of holy wrath (weapon)
Armour
 f - a +0 pair of boots (worn)
Jewellery
 g - an uncursed ring of flight
Scrolls
 e - 2 scrolls of remove curse {unknown}
 h - a scroll of fear
 j - a scroll of recharging {unknown}
 n - a scroll of enchant armour {unknown}
 o - 2 scrolls of teleportation {unknown}
 r - a scroll of amnesia {unknown}
 s - a scroll of noise {unknown}
 t - 2 scrolls of identify
 w - a scroll of magic mapping {unknown}
Potions
 d - a potion of lignification {unknown}
 i - a potion of degeneration
 k - a potion of cancellation
 m - a potion of flight {unknown}
 u - a potion of haste {unknown}
 v - a potion of brilliance {unknown}
Books
 a - a book of Conjurations

   Spells                             Type                      Level
   a - Magic Dart                     Conjuration                  1
   b - Searing Ray                    Conjuration                  2
   c - Dazzling Spray                 Conjuration/Hexes            3
   d - Fulminant Prism                Conjuration/Hexes            4
   e - Iskenderun's Mystic Blast      Conjuration                  4
   f - Iskenderun's Battlesphere      Conjuration/Charms           5
 q - a book of Changes

   Spells                             Type                      Level
   a - Beastly Appendage              Transmutation                1
   b - Sticks to Snakes               Transmutation                2
   c - Spider Form                    Transmutation/Poison         3
   d - Ice Form                       Ice/Transmutation            4
   e - Blade Hands                    Transmutation                5
Comestibles
 b - 4 bread rations
 p - 3 meat rations
 z - a royal jelly


   Skills:
 + Level 3.9 Dodging
 - Level 1.7 Stealth
 - Level 2.1 Spellcasting
 + Level 5.5 Conjurations


You had 4 spell levels left.
You knew the following spells:

 Your Spells              Type           Power        Failure   Level  Hunger
a - Magic Dart            Conj           ###.         1%          1    #......
b - Dazzling Spray        Conj/Hex       ##....       21%         3    ###....


Dungeon Overview and Level Annotations

Branches:
Dungeon (5/15)
 Temple: D:4-7

Altars:
Elyvilon
Ru
Sif Muna
Trog


Innate Abilities, Weirdness & Mutations

Your plain brown scales are hard. (AC +5)
You cannot fit into any form of body armour.
You are cold-blooded and may be slowed by cold attacks.


Message History

Aim: an ogre, wielding a giant club (moderately wounded)
The spray of energy hits the ogre.
The ogre is heavily wounded.
The ogre is dazzled.
You are feeling hungry.
The ogre barely misses you.
You barely miss the ogre.
The ogre is heavily wounded.
The ogre misses you.
You hit the ogre.
The ogre is heavily wounded.
The ogre closely misses you.
You strike the helpless ogre from behind!
You puncture the ogre!
The ogre is almost dead.
You completely miss the ogre.
The ogre is almost dead.
The ogre hits you with a giant club!!
Ouch! That really hurt!
You die...

........................#..
#####.#...####............
#..#...###...........#
##......#............#
###..........<........#
..#.........#.(.........#
........................#
..................>....<#
..###........O@......[..#
.. #...................#
#...................#
##.................##
##...#........[..##
###............##
###....####### #....#
#....#


You could see an ogre (blind).

Vanquished Creatures
  A scorpion (D:4)
  A centaur zombie (D:5)
  A bullfrog skeleton (D:5)
  2 adders (D:2)
  4 worms
  2 leopard geckos (D:1)
  2 orcs (D:3)
  8 bats
  5 giant cockroaches
  10 hobgoblins
  2 jackals (D:1)
  A quokka (D:2)
  A ball python (D:3)
  5 frilled lizards
  7 goblins
  10 kobolds
  A leopard gecko skeleton (D:4)
  9 rats
72 creatures vanquished.

Notes
Turn   | Place    | Note
-------+----------+-------------------------------------------
     0 | D:1      | Darkmans the Draconian Conjurer began the quest for the Orb.
     0 | D:1      | Reached XP level 1. HP: 14/14 MP: 3/3
   387 | D:1      | Reached XP level 2. HP: 9/20 MP: 0/5
  1177 | D:1      | Reached XP level 3. HP: 26/26 MP: 3/6
  1198 | D:1      | Learned a level 3 spell: Dazzling Spray
  1713 | D:2      | Reached XP level 4. HP: 21/33 MP: 1/7
  2050 | D:2      | Found a deep blue altar of Sif Muna.
  2050 | D:2      | Found a sacrificial altar of Ru.
  2054 | D:2      | Became a worshipper of Sif Muna the Loreminder
  2379 | D:3      | Found a white marble altar of Elyvilon.
  2794 | D:3      | Noticed a moth of wrath
  2797 | D:3      | Found a bloodstained altar of Trog.
  3086 | D:3      | Reached skill level 5 in Conjurations
  3372 | D:4      | Reached XP level 5. HP: 36/38 MP: 0/8
  3375 | D:4      | Noticed a phantom
  3384 | D:5      | Entered Level 5 of the Dungeon
  3547 | D:5      | Noticed an ogre
  3583 | D:5      | Slain by an ogre

Skill      XL: |  1  2  3  4 |
---------------+-------------+-----
Dodging        | 2 3 |  3.9
Conjurations   | 5 |  5.5
Stealth        | |  1.7
Spellcasting   | |  2.1

Action                   |  1- 3 |  4- 6 || total
-------------------------+-------+-------++-------
Melee: Dagger            |    48 |    20 ||    68
       Unarmed           |     8 |       ||     8
       Tailslap          |     3 |     4 ||     7
       Short sword       |       |    28 ||    28
 Cast: Magic Dart        |    79 |    57 ||   136
       Dazzling Spray    |       |     3 ||     3
  Use: Potion            |     1 |     1 ||     2
       Scroll            |     1 |     2 ||     3
 Stab: Sleeping          |       |     1 ||     1
       Invisible         |       |     1 ||     1
  Eat: Chunk             |     2 |     3 ||     5
       Bread ration      |     1 |       ||     1
       Pizza             |       |     1 ||     1
Armor: Skin              |    28 |     9 ||    37
Dodge: Dodged            |    64 |    44 ||   108
